 Dungeon Crawl Stone Soup version 0.27.1 (webtiles) character file.

Game seed: 4847886611084777274

14 Malachi the Scratcher (level 2, -2/12 HPs)
             Began as a Felid Transmuter on Aug 25, 2021.
             Slain by a goblin (4 damage)
             ... led by Robin
             ... on level 2 of the Dungeon.
             The game lasted 00:01:57 (1028 turns).

Malachi the Scratcher (Felid Transmuter)            Turns: 1028, Time: 00:01:58

Health: -2/12      AC:  1    Str:  6    XL:     2   Next: 27%
Magic:  6/6        EV: 17    Int: 14    God:
Gold:   31         SH:  0    Dex: 16    Spells: 4/5 levels left
                                        Lives:  0   Deaths: 0

rFire    . . .     SeeInvis +     - Unarmed
rCold    . . .     Faith    .   (shield unavailable)
rNeg     . . .     Spirit   .   (armour unavailable)
rPois    .         Reflect  .   (helmet unavailable)
rElec    .         Harm     .   (cloak unavailable)
rCorr    .         Rampage  .   (gloves unavailable)
Will     .....                  (boots unavailable)
Stlth    +.........             (no amulet)
HPRegen  0.04/turn              (no ring)
MPRegen  0.10/turn              (no ring)

@: quick
A: very small, claws 1, fangs 3, see invisible, speed 1, shaggy fur 1, stealthy
paws, no weapons or thrown items, no armour, multi-lived
a: no special abilities


You were on level 2 of the Dungeon.
You visited 1 branch of the dungeon, and saw 2 of its levels.

You collected 31 gold pieces.

Inventory:

Scrolls
 a - a scroll of noise {unknown}
Potions
 b - a potion of flight {unknown}


   Skills:
 + Level 1.0 Fighting
 + Level 2.9 Dodging
 + Level 3.3 Unarmed Combat
 + Level 2.1 Spellcasting
 * Level 2.5 Transmutations


You had 4 spell levels left.
You knew the following spells:

 Your Spells              Type           Power      Damage    Failure   Level
a - Beastly Appendage     Tmut           16%        N/A       9%          1

Your spell library contained the following spells:

 Spells                   Type           Power      Damage    Failure   Level
 Wereblood                Tmut           8%         N/A       12%         2
 Spider Form              Tmut/Pois      2%         N/A       38%         3
 Ignite Poison            Fire/Tmut/Pois 3%         N/A       45%         3
 Conjure Flame            Conj/Fire      1%         6-21      56%         3
 Ice Form                 Ice/Tmut       5%         N/A       80%         4
 Sticky Flame             Conj/Fire      1%         2d3       93%         4


Dungeon Overview and Level Annotations

Branches:
Dungeon (2/15)

Altars:

Annotations:
D:2 Robin


Innate Abilities, Weirdness & Mutations

You have sharp claws.
You have razor-sharp teeth.
You have supernaturally acute eyesight. (SInv)
You cover ground quickly. (Speed+)
You are covered in fur. (AC +1)
Your paws help you pounce on unaware monsters.
You are incapable of wielding weapons or throwing items.
You cannot wear armour.
You gain extra lives every three experience levels.


Message History

The jackal barks!
You scratch the hobgoblin but do no damage.
The hobgoblin is heavily wounded.
The hobgoblin closely misses you.
You claw the hobgoblin!
You kill the hobgoblin!
You scratch the jackal.
The jackal is almost dead.
The jackal bites you.
You are too injured to fight recklessly!
You are too injured to fight recklessly!
You are too injured to fight recklessly!
The jackal bites you.
You see here a +0 leather armour.
Casting: Beastly Appendage (safe; 9% risk of failure)
Confirm with . or Enter, or press ? or * to list all spells.
You grow a pair of large bovine horns.
The jackal completely misses you. The jackal closely misses you.
You scratch the jackal.
You kill the jackal!
You scratch the jackal but do no damage.
The jackal bites you. The jackal barely misses you. The jackal bites you.
* * * LOW HITPOINT WARNING * * *
Your transformation is almost over.
The jackal misses you.
Your horns disappear.
The jackal barely misses you.
The jackal stops to sniff the ground.
The jackal barely misses you. The jackal misses you.
You see here 14 gold pieces.
There is a stone staircase leading down here.
The jackal barely misses you. The jackal misses you.
You climb downwards.
Robin shouts!
The goblin shouts! x2
Robin throws the goblin at you!
* * * LOW HITPOINT WARNING * * *
The goblin barely misses you. The goblin hits you with a +0 club.
You die... #### ####gg.g. ###ghgg#gg

#.g@# gg
......#####.#
..### #.....#
####.....#
.......<.#
.###.....#
#.....#
#......
#.....#.


You could see Robin, a jackal, 2 hobgoblins and 4 goblins.

Vanquished Creatures
  An endoplasm (D:1)
  A giant cockroach (D:1)
  4 hobgoblins (D:1)
  A jackal (D:1)
  A ball python (D:1)
  2 bats (D:1)
  A goblin (D:1)
  2 rats (D:1)
13 creatures vanquished.

Vanquished Creatures (others)
  A withered plant (D:1)
1 creature vanquished.

Grand Total: 14 creatures vanquished

Notes
Turn   | Place    | Note
-------+----------+-------------------------------------------
     0 | D:1      | Malachi the Felid Transmuter began the quest for the Orb.
     0 | D:1      | Reached XP level 1. HP: 9/9 MP: 4/4
   436 | D:1      | Reached XP level 2. HP: 9/12 MP: 4/6
   526 | D:1      | Found a faded altar of an unknown god.
  1028 | D:2      | Noticed Robin
  1028 | D:2      | Slain by a goblin

Illustrated notes

Levels and vault maps discovered:
D:1:      saegor_arrival_simple_c, layout_rooms,
          ebering_ecumenical_altar_petrified
D:2:      layout_rooms, lemuel_old_faithful, uniq_robin

Action                   || total
-------------------------++-------
Melee: Unarmed           ||    45
       Headbutt          ||     5
 Cast: Beastly Appendage ||    11
Armor: Skin              ||     4
Dodge: Dodged            ||    33
